 Dungeon Crawl Stone Soup version 0.17-a0-2098-gf59d6bc (webtiles) character file.

16 Gruud the Insei (level 2, -1/21 HPs)
             Began as a Demonspawn Transmuter on Oct 17, 2015.
             Slain by a quokka (3 damage)
             ... on level 1 of the Dungeon.
             The game lasted 00:02:25 (929 turns).

Gruud the Insei (Demonspawn Transmuter)              Turns: 929, Time: 00:02:25

Health: -1/21      AC:  4    Str: 13    XL:     2   Next: 37%
Magic:  3/5        EV: 12    Int: 14    God:
Gold:   31         SH:  0    Dex: 13    Spells: 2 memorised, 2 levels left

rFire  . . .     SeeInvis .       - Unarmed
rCold  . . .     Clarity  .     b - +0 robe
rNeg   . . .     SustAt   .     (no shield)
rPois  .         Gourm    .     (no helmet)
rElec  .         Spirit   .     h - +0 cloak
rCorr  .         Warding  .     g - +0 pair of gloves {Str+3}
rMut   .         Stasis   .     (boots currently unavailable)
MR     .....                    (no amulet)
Stlth  ++........               (no ring)
                                (no ring)

@: appendage (expiring), very slightly contaminated, not resistant to hostile
enchantments, unstealthy
A: talons 3, nightstalker 1
a: End Transformation


You were on level 1 of the Dungeon.
You were not hungry.
You had grown temporary talons.
You visited 1 branch of the dungeon, and saw 2 of its levels.

You collected 31 gold pieces.

Inventory:

Missiles
 a - 33 arrows
 f - 8 arrows of frost
Armour
 b - a +0 robe (worn)
 g - a +0 pair of gloves of strength (worn)
 h - a +0 cloak (worn)
Scrolls
 e - a scroll of amnesia {unknown}
Potions
 k - a potion of magic {unknown}
Books
 c - a book of Changes

   Spells                             Type                      Level
   a - Beastly Appendage              Transmutation                1
   b - Sticks to Snakes               Transmutation                2
   c - Spider Form                    Transmutation/Poison         3
   d - Ice Form                       Ice/Transmutation            4
   e - Blade Hands                    Transmutation                5
Comestibles
 d - 2 bread rations
 i - 3 chunks of flesh
 j - 4 fruits


   Skills:
 - Level 1.0 Fighting
 - Level 1.7 Dodging
 * Level 3.1 Unarmed Combat
 - Level 2.0 Spellcasting
 * Level 2.3 Transmutations


You had 2 spell levels left.
You knew the following spells:

 Your Spells              Type           Power        Failure   Level  Hunger
a - Beastly Appendage     Trmt           #.....       12%         1    ##.....
b - Sticks to Snakes      Trmt           #.........   17%         2    ###....


Dungeon Overview and Level Annotations

Branches:
Dungeon (2/15)

Altars:


Innate Abilities, Weirdness & Mutations

You are slightly more attuned to the shadows.
You have claws for feet.


Message History

The giant cockroach barely misses you. The quokka bites you.
* * * LOW HITPOINT WARNING * * *
You are too injured to fight recklessly!
You hit the quokka.
The quokka is moderately wounded.
The quokka closely misses you. The giant cockroach barely misses you.
You barely miss the quokka. Your kick misses the quokka.
The quokka is moderately wounded.
The quokka closely misses you.
The giant cockroach bites you but does no damage.
Unknown command.
The giant cockroach bites you but does no damage.
Things that are here:
a club; a hobgoblin corpse
Casting: Beastly Appendage
Confirm with . or Enter, or press ? or * to list all spells.
You miscast Sticks to Snakes.
You are very lightly contaminated with residual magic.
Your skin tingles.
The giant cockroach barely misses you. The quokka bites you.
You die...

### ##>## #######
##@s.## #......
##..r..#######....##
#..................#
##.....########...##
##...## ##.## ##.##
#.# #.####### #.#
#.......# ##+##
#.#####.####...##


You could see a quokka and a giant cockroach.

Vanquished Creatures
  2 hobgoblins (D:1)
  A kobold (D:1)
  A giant gecko (D:1)
  3 giant newts (D:1)
  5 goblins (D:1)
  6 rats (D:1)
18 creatures vanquished.

Notes
Turn   | Place    | Note
--------------------------------------------------------------
     0 | D:1      | Gruud the Demonspawn Transmuter began the quest for the Orb.
     0 | D:1      | Reached XP level 1. HP: 15/15 MP: 3/3
   465 | D:1      | Gained mutation: You are slightly more attuned to the shadows. [demonic ancestry]
   465 | D:1      | Reached XP level 2. HP: 18/21 MP: 5/5
   469 | D:1      | Learned a level 2 spell: Sticks to Snakes
   660 | D:1      | Reached skill level 3 in Unarmed Combat
   929 | D:1      | Slain by a quokka

Vault maps used:
D:1:      saegor_arrival_simple_e
D:2:      grunt_qazlal_clouds

Action                   || total
-------------------------++-------
Melee: Unarmed           ||    74
 Cast: Beastly Appendage ||     7
 Stab: Distracted        ||     1
       Sleeping          ||     3
